 Dungeon Crawl Stone Soup version 0.31-a0-750-gfe7b580527 (webtiles) character file.

Game seed: 13623302715179655973

22 Newt the Trooper (level 2, 0/24 HPs)
             Began as a Demonspawn Gladiator on Sept 14, 2023.
             Slain by a scorpion (2 damage)
             ... on level 2 of the Dungeon.
             The game lasted 00:00:37 (615 turns).

Newt the Trooper (Demonspawn Gladiator)              Turns: 615, Time: 00:00:38

Health: 0/24       AC:  5    Str: 11 (14) XL:     2   Next: 68%
Magic:  2/2        EV: 12    Int:  7 (9)  God:
Gold:   65         SH:  0    Dex: 11 (14) Spells: 1/1 levels left

rFire   . . .        a - +0 rapier
rCold   . . .        (no shield)
rNeg    . . .        b - +0 leather armour
rPois   .            c - +1 helmet
rElec   .            (no cloak)
rCorr   .            (no gloves)
SInv    .            (no boots)
Will    .....        (no amulet)
Stlth   +            (no ring)
HPRegen 0.24/turn    (no ring)
MPRegen 0.08/turn

%: no passive effects
@: no status effects
A: claws 1
a: no special abilities


You were on level 2 of the Dungeon.
You visited 1 branch of the dungeon, and saw 2 of its levels.

You collected 65 gold pieces.

Inventory:

Hand Weapons
 a - a +0 rapier (weapon)
Armour
 b - a +0 leather armour (worn)
 c - a +1 helmet (worn)
Scrolls
 h - a scroll of teleportation {unknown}
 i - a scroll of poison {unknown}


   Skills:
 + Level 3.3 Fighting
 - Level 2.6 Short Blades
 - Level 1.7 Throwing
 - Level 2.6 Dodging


You had one spell level left.
You didn't know any spells.
Your spell library was empty.

Dungeon Overview and Level Annotations

Branches:
Dungeon (2/15)

Altars:


Innate Abilities, Weirdness & Mutations

You have sharp fingernails.


Message History

The scorpion struggles against the net.
You hit the scorpion but do no damage.
The scorpion struggles against the net.
You hit the scorpion.
The scorpion is lightly wounded.
The scorpion struggles against the net.
The net rips apart, and the scorpion comes free!
The scorpion stings you!
You barely miss the scorpion.
The scorpion is lightly wounded.
The scorpion closely misses you.
You barely miss the scorpion.
The scorpion is lightly wounded.
The scorpion closely misses you.
You hit the scorpion but do no damage.
The scorpion is lightly wounded.
The scorpion closely misses you.
You hit the scorpion.
The scorpion is moderately wounded.
The scorpion closely misses you. The scorpion stings you.
You barely miss the scorpion.
The scorpion is moderately wounded.
The scorpion stings you.
* * * LOW HITPOINT WARNING * * *
It was a potion of degeneration.
There was something very wrong with that liquid.
You feel weakened.
You feel dopey.
You feel clumsy.
The scorpion stings you but does no damage.
You barely miss the scorpion.
The scorpion is moderately wounded.
The scorpion closely misses you.
You barely miss the scorpion.
The scorpion is moderately wounded.
The scorpion barely misses you. The scorpion stings you.
* * * LOW HITPOINT WARNING * * *
You have nothing you can fire or use right now.
As you read the scroll labelled JUSCHI ZEAZXI, it crumbles to dust.
It is a scroll of enchant armour.
Your +0 helmet glows green for a moment.
The scorpion stings you.
You die...

## .... .. ... ...###
#... .. ##.# ....# ##.#
#.#...
.....#.#.###..##..#...
.....#..............(
................$..$.##
#.....#..........# ..#
#............#...#
.####..<...@s.....(.#
..............†......#
....##.......[†......#
........##$.#####....#
####....##.## ...#
..##...... ..# ...
........ .. ..
........## # ......#...


You could see a scorpion.

Vanquished Creatures
  An adder (D:2)
  A worm (D:2)
  A ball python (D:1)
  An endoplasm (D:1)
  A goblin (D:1)
  3 hobgoblins
  A bat (D:1)
  A frilled lizard (D:1)
10 creatures vanquished.

Notes
Turn   | Place    | Note
-------+----------+-------------------------------------------
     0 | D:1      | Newt the Demonspawn Gladiator began the quest for the Orb.
     0 | D:1      | Reached XP level 1. HP: 16/16 MP: 1/1
   410 | D:1      | Gained mutation: You have sharp fingernails. [demonic
                  | ancestry]
   410 | D:1      | Reached XP level 2. HP: 23/23 MP: 2/2
   542 | D:2      | Reached skill level 3 in Fighting
   597 | D:2      | Noticed a scorpion
   614 | D:2      | HP: 1/24 [scorpion (6)]
   615 | D:2      | Slain by a scorpion

Illustrated notes

Levels and vault maps discovered:
D:1:      sevenhm_arrival_forest_fort_small_5, layout_rooms, serial_forest,
          infiniplex_forest_clump_small, infiniplex_forest_lined_ring,
          infiniplex_forest_clump_small, infiniplex_forest_corner_1,
          infiniplex_forest_lined_1, infiniplex_forest_clump_medium,
          infiniplex_forest_zigzag_1, infiniplex_forest_lined_room_2
D:2:      layout_rooms, minmay_tall_x

Skill      XL: |  1  2 |
---------------+-------+-----
Fighting       | 3 |  3.3
Short Blades   | |  2.6
Throwing       | |  1.7
Dodging        | |  2.6

Action                     || total
---------------------------++-------
  Melee: Rapier            ||    54
  Throw: Throwing net      ||     3
         Javelin           ||     1
    Use: Scroll            ||     1
         Potion            ||     1
 Armour: Leather armour    ||    26
  Dodge: Dodged            ||    43

Table legend: (Time is in decaauts)
 A = Elapsed time spent in this place.
 B = Non-inter-level travel time spent in this place.
 C = Inter-level travel time spent in this place.
 D = Time resting spent in this place.
 E = Time spent auto-exploring this place.
 F = Levels seen in this place.
 G = Mean time per level.
                   A        B        C        D        E       F      G
               +--------+--------+--------+--------+--------+-----+--------+
         Total |    625 |    602 |     23 |     52 |    444 |   2 |  312.5 |
       Dungeon |    625 |    602 |     23 |     52 |    444 |   2 |  312.5 |
               +--------+--------+--------+--------+--------+-----+--------+

Top non-repeatable levels by time:
     D:1: 527 daAuts
     D:2: 97 daAuts
